 Dungeon Sprint DCSS version 0.28-a0-390-gb254ac4902 (webtiles) character file.

Game seed: 11967495983372124215

69791 MikeHunt the Devastator (level 14, -17/116 HPs)
             Began as a Demonspawn Ice Elementalist on Sept 3, 2021.
             Was the Champion of Sif Muna.
             Demolished by Mennas (22 damage)
             ... in the Dungeon (Sprint III: "The Ten Rune Challenge").
             The game lasted 00:56:03 (8330 turns).

MikeHunt the Devastator (DsIE)                      Turns: 8330, Time: 00:56:03

Health: -17/116    AC: 16    Str:  9    XL:     14   Next: 43%
Magic:  36/42      EV: 18    Int: 21    God:    Sif Muna [******]
Gold:   596        SH:  5    Dex: 14    Spells: 1/43 levels left

rFire   . . .      SeeInvis .   a - +8 autumn katana {vorpal, Clar}
rCold   . . .      Faith    .   K - +0 buckler
rNeg    . . .      Spirit   .   q - +1 robe {Will+}
rPois   +          Reflect  .   x - +2 hat
rElec   .          Harm     .   j - +2 cloak {rPois}
rCorr   .          Rampage  .   F - +0 pair of gloves
Will    ++...      Clarity  +   E - +0 pair of boots Stlth +.........NoTele +
                                d - amulet of magic regeneration
HPRegen 0.29/turn               t - ring of magical power
MPRegen 0.53/turn               o - +4 ring of protection

@: glowing, silenced
A: horns 2, yellow scales 1, ignite blood 2, demonic magic 2
}: 1/10 runes: serpentine
a: Renounce Religion


You were in the Dungeon.
You worshipped Sif Muna.
Sif Muna was exalted by your worship.
You visited 1 branch You collected 3760 gold pieces.
You spent 3164 gold pieces at shops.

Inventory:

Hand Weapons
 a - the +8 autumn katana (weapon) {vorpal, Clar}
   (You found it in the Dungeon)

   It inflicts extra damage upon your enemies.
   Clar:      It protects you against confusion.
 s - a +0 shortbow
 u - a +2 vorpal battleaxe
 C - the +9 scimitar "Ultimatum" {pain, rPois Str-5 SInv}
   (You bought it in a shop in the Dungeon)

   In the hands of one skilled in necromantic magic, it inflicts extra damage on
   living creatures.
   Str:       It affects your strength (-5).
   rPois:     It protects you from poison.
   SInv:      It lets you see invisible.
Missiles
 h - 4 boomerangs of dispersal
 r - 123 arrows
 v - 4 javelins
 w - 7 curare-tipped darts
Armour
 j - a +2 cloak of poison resistance (worn)
 p - a +2 robe of positive energy
 q - a +1 robe of willpower (worn)
 x - a +2 hat (worn)
 E - a +0 pair of boots (worn)
 F - a +0 pair of gloves (worn)
 H - a +0 robe
 K - a +0 buckler (worn)
Jewellery
 d - an amulet of magic regeneration (around neck)
 g - the ring "Roab" {rF+ Str+3 SInv}
   (You bought it in a shop in the Dungeon)

   [ring of see invisible]

   Str:       It affects your strength (+3).
   rF:        It protects you from fire.
   SInv:      It lets you see invisible.
 o - a +4 ring of protection (right hand)
 t - a ring of magical power (left hand)
Wands
 y - a wand of digging (5)
 I - a wand of polymorph (8)
Scrolls
 i - 2 scrolls of holy word
 m - 2 scrolls of enchant weapon
 G - a scroll of vulnerability
 L - a scroll of amnesia {unknown}
Potions
 b - 3 potions of curing
 c - 2 potions of heal wounds
 e - 2 potions of magic
 k - 4 potions of flight
 l - 8 potions of mutation
 n - a potion of might
 z - a potion of invisibility
 A - 2 potions of brilliance
 B - a potion of berserk rage
 D - a potion of resistance
Miscellaneous
 f - a box of beasts (inert)
 J - a tin of tremorstones (2/2)


   Skills:
 + Level 12.3 Fighting
 - Level 12.0 Long Blades
 + Level 13.1 Dodging
 - Level 1.7 Stealth
 - Level 4.0 Shields
 - Level 3.1 Unarmed Combat
 + Level 15.0 Spellcasting
 + Level 15.2 Conjurations
 - Level 10.0 Summonings
 - Level 9.4 Translocations
 - Level 7.3 Ice Magic
 - Level 6.0 Air Magic
 + Level 15.0 Earth Magic
 - Level 15.0 Invocations


You had one spell level left.
You knew the following spells:

 Your Spells              Type           Power      Damage    Failure   Level
a - Apportation           Tloc           100%       N/A       1%          1
b - Frozen Ramparts       Ice            92%        1d11      1%          3
c - Summon Forest         Summ/Tloc      27%        N/A       1%          5
d - Hailstorm             Conj/Ice       58%        3d13      1%          4
e - Freeze                Ice            100%       1d11      1%          1
f - Summon Lightning Spi  Summ/Air       49%        N/A       1%          4
g - Lehudib's Crystal Sp  Conj/Erth      34%        10d9      45%         8
q - Blink                 Tloc           N/A        N/A       1%          2
r - Iron Shot             Conj/Erth      34%        9d7       1%          6
t - Lee's Rapid Deconstr  Erth           34%        3d18*     1%          5
x - Ozocubu's Armour      Ice            46%        N/A       1%          3

Your spell library contained the following spells:

 Spells                   Type           Power      Damage    Failure   Level
 Magic Dart               Conj           100%       1d8       0%          1
 Foxfire                  Conj/Fire      100%       2x1d9     1%          1
 Shock                    Conj/Air       100%       1d9       1%          1
 Summon Small Mammal      Summ           100%       N/A       1%          1
 Animate Skeleton         Necr           30%        N/A       3%          1
 Corona                   Hex            16%        N/A       3%          1
 Pain                     Necr           60%        1d7       3%          1
 Sting                    Tmut/Pois      60%        1d6       3%          1
 Searing Ray              Conj           100%       3d7       0%          2
 Corpse Rot               Necr/Air       N/A        N/A       1%          2
 Ensorcelled Hibernation  Hex/Ice        62%        N/A       1%          2
 Call Canine Familiar     Summ           55%        N/A       1%          3
 Conjure Flame            Conj/Fire      47%        6-21      1%          3
 Dazzling Flash           Conj/Hex       94%        N/A       1%          3
 Lesser Beckoning         Tloc           53%        N/A       1%          3
 Mephitic Cloud           Conj/Pois/Air  45%        N/A       1%          3
 Stone Arrow              Conj/Erth      100%       3d13      1%          3
 Summon Guardian Golem    Hex/Summ       36%        N/A       1%          3
 Animate Armour           Summ/Erth      100%       N/A       1%          4
 Flame Wave               Conj/Fire      47%        3d9       1%          4
 Fulminant Prism          Conj/Hex       23%        3d13      1%          4
 Iskenderun's Mystic Bla  Conj/Tloc      61%        2d13      1%          4
 Leda's Liquefaction      Hex/Erth       23%        N/A       1%          4
 Passage of Golubria      Tloc           N/A        N/A       1%          4
 Petrify                  Tmut/Erth      47%        N/A       1%          4
 Sticky Flame             Conj/Fire      47%        2d6       1%          4
 Summon Ice Beast         Ice/Summ       51%        N/A       1%          4
 Bolt of Magma            Conj/Fire/Erth 27%        4d13      1%          5
 Iskenderun's Battlesphe  Conj           68%        2d12      1%          5
 Lightning Bolt           Conj/Air       28%        1d45      1%          5
 Freezing Cloud           Conj/Ice/Air   27%        6-21      2%          5
 Manifold Assault         Tloc           53%        N/A       2%          5
 Airstrike                Air            20%        N/A       3%          4
 Borgnjor's Vile Clutch   Necr/Erth      23%        N/A       4%          5
 Fireball                 Conj/Fire      23%        3d11      4%          5
 Irradiate                Conj/Tmut      23%        3d21      4%          5
 Scorch                   Fire           30%        2d7       6%          2
 Orb of Destruction       Conj           34%        9d12      6%          7
 Conjure Ball Lightning   Conj/Air       28%        3x3d8     8%          6
 Summon Cactus Giant      Summ           27%        N/A       10%         6
 Ignite Poison            Fire/Tmut/Pois 15%        N/A       12%         3
 Inner Flame              Hex/Fire       15%        N/A       12%         3
 Tukima's Dance           Hex            15%        N/A       12%         3
 Vampiric Draining        Necr           7%         2d7       12%         3
 Dispersal                Tloc           26%        N/A       12%         6
 Spellforged Servitor     Conj/Summ      31%        N/A       19%         7
 Metabolic Englaciation   Hex/Ice        15%        N/A       24%         5
 Starburst                Conj/Fire      23%        6d8       26%         6
 Animate Dead             Necr           7%         N/A       36%         4
 Cause Fear               Hex            7%         N/A       36%         4
 Malign Gateway           Summ/Tloc      27%        N/A       52%         7
 Agony                    Necr           15%        N/A       71%         5
 Alistair's Intoxication  Tmut/Pois      10%        N/A       71%         5
 Excruciating Wounds      Necr           7%         N/A       71%         5
 Death Channel            Necr           7%         N/A       99%         6
 Invisibility             Hex            7%         N/A       99%         6
 Summon Horrible Things   Summ           27%        N/A       99%         8
 Dragon Form              Tmut           7%         N/A       100%        7
 Storm Form               Tmut/Air       14%        N/A       100%        7
 Chain Lightning          Conj/Air       28%        3d38      100%        9
 Death's Door             Necr           7%         N/A       100%        9
 Fire Storm               Conj/Fire      23%        8d6       100%        9


Dungeon Overview and Level Annotations

Branches:
Dungeon (1/1)

Altars:
Cheibriados
Dithmenos
Elyvilon
Fedhas
Gozag
Hepliaklqana
Kikubaaqudgha
Makhleb
Nemelex Xobeh
Okawaru
Qazlal
Ru
Sif Muna
Trog
Uskayaw
Vehumet
Wu Jian
Xom
Yredelemnul
Zin
The Shining One
Beogh
Jiyva
Lugonu

Shops:
D (!::(!=[[![:==!(*?([??

Annotations:
D Mennas


Innate Abilities, Weirdness & Mutations

You have a pair of horns on your head.
You are partially covered in yellow scales. (AC +2)
Your demonic aura often causes spilled blood to erupt in flames.
Spells you cast may paralyse nearby enemies.


Message History

Mennas blocks your larval weirdbat beast's attack.
Mennas blocks your large abomination's attack.
Mennas barely misses you. Mennas hits you but does no damage.
Unknown command.
Unknown command.
You slash Mennas!
Mennas is moderately wounded.
Your large abomination closely misses Mennas.
Mennas blocks your larval weirdbat beast's attack. x2
Mennas blocks your large abomination's attack.
Mennas hits your larval weirdbat beast with a +1 eudemon blade of holy wrath!!
Your larval weirdbat beast dies!
Your larval weirdbat beast's corpse disappears in a puff of smoke!
Unknown command.
Unknown command.
You catch the helpless Mennas completely off-guard!
You slash Mennas!
Mennas is moderately wounded.
Mennas blocks your large abomination's attack. x2
You catch the helpless Mennas completely off-guard!
You slash Mennas!
Mennas is heavily wounded.
Mennas hits you with a +1 eudemon blade of holy wrath!!
You convulse!!!
* * * LOW HITPOINT WARNING * * *
Mennas hits you with a +1 eudemon blade of holy wrath.
* * * LOW HITPOINT WARNING * * *
You convulse.
* * * LOW HITPOINT WARNING * * *
Your large abomination is engulfed in blazing flames.
Your large abomination misses Mennas.
Mennas blocks your large abomination's attack.
Unknown command.
You feel much better.
Mennas hits you with a +1 eudemon blade of holy wrath!
* * * LOW HITPOINT WARNING * * *
You convulse!
* * * LOW HITPOINT WARNING * * *
Mennas hits you with a +1 eudemon blade of holy wrath!!
You die...

#+###.......###...P
+...'.......+......
#+###.......#####.P
##.....## ##..)##
#### ##'### ..#
####.≈≈≈+ #.#
+∩∩#X≈≈.# ##.##
#∩∩#@§≈.#
###...###..#AX≈.#..+
+...:..X†X.X§XX≈'..#
###...###..#≈≈≈.#..#
##.## #..#....#..#
#.# #..####'# ## #+#
#..# #.# +..' #.#
#..#. #.#


You could see Mennas (silencing, ally target) and 5 friendly large abominations.

Vanquished Creatures
  Rupert (D)
  Gastronok (D)
  Dowan (D)
  Chuck (D)
  A nagaraja (D)
  Roxanne (D)
  2 dire elephants (D)
  A spark wasp (shapeshifter) (D)
  Snorg (D)
  A mummy priest (D)
  A fire dragon (D)
  A yaktaur captain (D)
  A naga warrior (D)
  6 anacondas (D)
  2 hydras (D)
  2 centaur warriors (D)
  4 death yaks (D)
  4 dancing weapons (D)
  5 orc high priests (D)
  Urug (D)
  2 deep elf knights (D)
  A shadow wraith (D)
  A skeletal warrior (D)
  3 death drakes (D)
  A lindwurm (D)
  A spriggan druid (D)
  A spectral hydra (D)
  An orange crystal statue (D)
  3 deep elf zephyrmancers (D)
  A faun (shapeshifter) (D)
  A deep elf pyromancer (D)
  4 crystal guardians (D)
  An ugly thing (D)
  2 orc sorcerers (D)
  2 oklob plants (D)
  2 elephants (D)
  A guardian serpent (D)
  4 black mambas (D)
  4 statues (D)
  Duvessa (D)
  2 cane toads (D)
  A komodo dragon (D)
  2 unseen horrors (D)
  A rime drake (D)
  4 spriggan defenders (D)
  3 wandering mushrooms (D)
  2 tyrant leeches (D)
  5 slime creatures (D)
  3 hornets (D)
  A queen bee (D)
  8 blink frogs (D)
  2 spriggans (D)
  A shadow (D)
  3 redbacks (D)
  A spatial vortex (D)
  2 nagas (D)
  3 water moccasins (D)
  A swamp drake (D)
  4 orc warriors (D)
  A necrophage (D)
  5 swamp dragon skeletons (D)
  2 centaurs (D)
  An earth elemental (D)
  A water elemental (D)
  32 killer bees (D)
  An electric eel (D)
  A jelly (D)
  An orc priest (D)
  Jessica (D)
  A wizard (D)
  A necromancer (D)
  2 orc wizards (D)
  3 humans (D)
  A kobold demonologist (D)
  A wolf (D)
  3 adders (D)
  6 orcs (D)
  2 endoplasms (D)
  A rat (D)
  2 ball lightnings (D)
193 creatures vanquished.

Vanquished Creatures (collateral kills)
  An anaconda (D)
  3 water moccasins (D)
4 creatures vanquished.

Vanquished Creatures (others)
  A hydra (D)
  2 orc priests (D)
  3 ball lightnings (D)
  3 ballistomycete spores (D)
  2 bushes (D)
  28 plants (D)
  A snaplasher vine (D)
40 creatures vanquished.

Grand Total: 237 creatures vanquished

Notes
Turn   | Place    | Note
-------+----------+-------------------------------------------
     0 | D        | MikeHunt the Demonspawn Ice Elementalist began the quest
                  | for the Orb.
     0 | D        | Reached XP level 1. HP: 13/13 MP: 3/3
   192 | D        | Noticed Jessica
   195 | D        | Killed Jessica
   196 | D        | Gained mutation: You have a pair of small horns on your
                  | head. [demonic ancestry]
   196 | D        | Reached XP level 2. HP: 7/19 MP: 1/7
   196 | D        | Gained mutation: Spells you cast may paralyse adjacent
                  | enemies. [demonic ancestry]
   196 | D        | Reached XP level 3. HP: 9/24 MP: 1/9
   263 | D        | Learned a level 3 spell: Frozen Ramparts
   381 | D        | Reached skill level 5 in Spellcasting
   381 | D        | Reached skill level 5 in Ice Magic
   506 | D        | Learned a level 3 spell: Ozocubu's Armour
   533 | D        | Noticed a water elemental
   540 | D        | Killed a water elemental
   541 | D        | Reached XP level 4. HP: 21/30 MP: 5/13
   616 | D        | Found a radiant altar of Vehumet.
   616 | D        | Found a shimmering blue altar of Sif Muna.
   616 | D        | Found an ancient bone altar of Kikubaaqudgha.
   616 | D        | Noticed a wizard
   619 | D        | Killed a wizard
   620 | D        | Reached XP level 5. HP: 34/35 MP: 9/14
   638 | D        | Became a worshipper of Sif Muna the Loreminder
   673 | D        | Learned a level 4 spell: Hailstorm
   680 | D        | Found a basalt altar of Yredelemnul.
   680 | D        | Found a shadowy altar of Dithmenos.
   680 | D        | Found a sacrificial altar of Ru.
   680 | D        | Noticed a necrophage
   687 | D        | Killed a necrophage
   688 | D        | Gained mutation: You are partially covered in yellow
                  | scales. (AC +2) [demonic ancestry]
   688 | D        | Reached XP level 6. HP: 41/41 MP: 8/16
   743 | D        | Found a hide-covered altar of Uskayaw.
   743 | D        | Found an iron altar of Okawaru.
   743 | D        | Found a bloodstained altar of Trog.
   743 | D        | Found an ornate altar of the Wu Jian Council.
   743 | D        | Noticed a human
   744 | D        | Noticed a human
   749 | D        | Killed a human
   749 | D        | Reached * piety under Sif Muna
   752 | D        | Killed a human
   753 | D        | Reached skill level 10 in Conjurations
   753 | D        | Gained mutation: You have a pair of horns on your head.
                  | [demonic ancestry]
   753 | D        | Reached XP level 7. HP: 44/46 MP: 5/18
   834 | D        | Noticed a deep elf pyromancer
   838 | D        | Killed a deep elf pyromancer
   886 | D        | Noticed a shadow
   890 | D        | Reached ** piety under Sif Muna
   891 | D        | Reached skill level 1 in Invocations
   899 | D        | Killed a shadow
   900 | D        | Gained mutation: Your demonic aura sometimes causes spilled
                  | blood to erupt in flames. [demonic ancestry]
   900 | D        | Reached XP level 8. HP: 57/57 MP: 9/19
   952 | D        | Found a blossoming altar of Fedhas.
   952 | D        | Found a stormy altar of Qazlal.
   953 | D        | Found a snail-covered altar of Cheibriados.
   953 | D        | Found a burning altar of Makhleb.
   953 | D        | Found a hazy altar of Hepliaklqana.
   953 | D        | Found a shimmering altar of Xom.
   953 | D        | Found an opulent altar of Gozag.
   953 | D        | Found a sparkling altar of Nemelex Xobeh.
   953 | D        | Found a corrupted altar of Lugonu.
   953 | D        | Found a viscous altar of Jiyva.
  1011 | D        | Learned a level 3 spell: Stone Arrow
  1014 | D        | Noticed Snorg
  1016 | D        | Noticed an orc high priest
  1034 | D        | Reached skill level 1 in Earth Magic
  1096 | D        | Killed an orc high priest
  1097 | D        | Reached skill level 5 in Fighting
  1097 | D        | Reached skill level 5 in Dodging
  1268 | D        | Reached *** piety under Sif Muna
  1275 | D        | Reached XP level 9. HP: 48/68 MP: 6/20
  1449 | D        | Noticed an orc high priest
  1457 | D        | Killed an orc high priest
  1457 | D        | Reached **** piety under Sif Muna
  1458 | D        | Reached skill level 5 in Earth Magic
  1620 | D        | Killed Snorg
  1630 | D        | Noticed an orc sorcerer
  1812 | D        | Noticed an orc high priest
  1830 | D        | Killed an orc high priest
  1830 | D        | Reached ***** piety under Sif Muna
  1831 | D        | Reached XP level 10. HP: 83/83 MP: 6/21
  1935 | D        | Learned a level 8 spell: Lehudib's Crystal Spear
  1939 | D        | Killed an orc sorcerer
  1943 | D        | Received a gift from Sif Muna
  1944 | D        | Got Sif Muna's Incunabulum of Dark Rituals and Ice {god
                  | gift}
  1949 | D        | Noticed an orc sorcerer
  1951 | D        | Noticed a sixfirhy
  1955 | D        | Killed an orc sorcerer
  1956 | D        | Reached skill level 10 in Fighting
  2080 | D        | Found Waar's Jewellery Shop.
  2098 | D        | Bought an amulet of magic regeneration for 360 gold pieces
  2098 | D        | Bought the ring "Roab" {rF+ Str+3 SInv} for 423 gold pieces
  2098 | D        | Bought a +4 ring of protection for 432 gold pieces
  2215 | D        | Noticed a centaur warrior
  2222 | D        | Killed a centaur warrior
  2223 | D        | Reached skill level 10 in Dodging
  2276 | D        | Received a gift from Sif Muna
  2283 | D        | Got Gaakuul's Grimoire of Conjuration {god gift}
  2307 | D        | Reached skill level 10 in Earth Magic
  2307 | D        | Reached skill level 10 in Invocations
  2341 | D        | Noticed a cane toad
  2341 | D        | Noticed a cane toad
  2346 | D        | Killed a cane toad
  2347 | D        | Killed a cane toad
  2356 | D        | Reached XP level 11. HP: 64/90 MP: 3/22
  2426 | D        | Learned a level 6 spell: Iron Shot
  2461 | D        | Received a gift from Sif Muna
  2463 | D        | Got Sif Muna's Handbook of Attacks {god gift}
  2740 | D        | Bought a ring of magical power for 240 gold pieces
  2946 | D        | Noticed a lindwurm
  2951 | D        | Killed a lindwurm
  2952 | D        | Received a gift from Sif Muna
  2953 | D        | Got Sif Muna's Grimoire of Conjuration {god gift}
  3018 | D        | Noticed Urug
  3096 | D        | Killed Urug
  3141 | D        | Noticed a five-headed hydra
  3141 | D        | Noticed a six-headed hydra
  3150 | D        | Killed a five-headed hydra
  3151 | D        | Reached skill level 10 in Spellcasting
  3151 | D        | Killed a six-headed hydra
  3305 | D        | Noticed a death drake
  3307 | D        | Killed a death drake
  3331 | D        | Found a blossoming altar of Fedhas.
  3331 | D        | Noticed a spriggan druid
  3339 | D        | Killed a spriggan druid
  3340 | D        | Received a gift from Sif Muna
  3343 | D        | Got Sif Muna's Volume of Displacement and the Blaze {god
                  | gift}
  3396 | D        | Noticed Rupert
  3401 | D        | Killed Rupert
  3402 | D        | Gained mutation: Spells you cast may paralyse nearby
                  | enemies. [demonic ancestry]
  3402 | D        | Reached XP level 12. HP: 97/97 MP: 9/28
  3463 | D        | Learned a level 5 spell: Summon Forest
  3464 | D        | Noticed a death yak
  3465 | D        | Noticed a death yak
  3479 | D        | Killed a death yak
  3480 | D        | Reached skill level 1 in Summonings
  3480 | D        | Reached skill level 1 in Translocations
  3495 | D        | Noticed a death yak
  3508 | D        | Killed a death yak
  3508 | D        | Noticed a death yak
  3510 | D        | Killed a death yak
  3515 | D        | Killed a death yak
  3636 | D        | Reached skill level 5 in Summonings
  3636 | D        | Received a gift from Sif Muna
  3638 | D        | Got Gurrokum's Guide on Dark Confrontation {god gift}
  3648 | D        | Reached skill level 5 in Translocations
  3698 | D        | Noticed an azure jelly
  3698 | D        | Noticed an azure jelly
  3818 | D        | Killed a six-headed hydra
  4035 | D        | Received a gift from Sif Muna
  4038 | D        | Got Sif Muna's Early Guide to Spellcraft {god gift}
  4043 | D        | Found Zix Lit's Antique Weapon Shoppe.
  4043 | D        | Found Jume Wagejiu's Distillery.
  4116 | D        | Noticed Dowan
  4116 | D        | Noticed Duvessa
  4123 | D        | Killed Duvessa
  4125 | D        | Killed Dowan
  4204 | D        | Learned a level 4 spell: Summon Lightning Spire
  4350 | D        | Reached skill level 1 in Air Magic
  4695 | D        | Noticed an azure jelly
  4695 | D        | Noticed an azure jelly
  4696 | D        | Noticed a dire elephant
  4696 | D        | Noticed a dire elephant
  4696 | D        | Noticed Gastronok
  4714 | D        | Killed a dire elephant
  4714 | D        | Received a gift from Sif Muna
  4715 | D        | Got Sif Muna's Reference Book on Sinister Transformation
                  | {god gift}
  4719 | D        | Killed a dire elephant
  4720 | D        | Gained mutation: Your demonic aura often causes spilled
                  | blood to erupt in flames. [demonic ancestry]
  4720 | D        | Reached XP level 13. HP: 36/103 MP: 22/29
  4937 | D        | Killed Gastronok
  4937 | D        | Reached ****** piety under Sif Muna
  4938 | D        | Reached skill level 5 in Air Magic
  4938 | D        | Reached skill level 15 in Invocations
  4959 | D        | Reached skill level 10 in Summonings
  5146 | D        | Received a gift from Sif Muna
  5155 | D        | Learned a level 1 spell: Apportation
  5218 | D        | Received a gift from Sif Muna
  5221 | D        | Got Sif Muna's Disquisition on Twisted Attacks {god gift}
  5307 | D        | Noticed a nagaraja
  5322 | D        | Killed a nagaraja
  5324 | D        | Received a gift from Sif Muna
  5325 | D        | Got Sif Muna's Catalogue of Dark Bewitchment {god gift}
  5402 | D        | Found Suehurow's Book Shop.
  5402 | D        | Found Gout Vye's Antique Weapon Shoppe.
  5406 | D        | Found Heysh's Distillery.
  5422 | D        | Got a serpentine rune of Zot
  5435 | D        | Bought a transparent scimitar for 171 gold pieces
  5435 | D        | Identified the +9 scimitar "Ultimatum" {pain, rPois Str-5
                  | SInv} (You bought it in a shop in the Dungeon)
  5436 | D        | Bought an Inescapable Atlas for 374 gold pieces
  5439 | D        | Learned a level 2 spell: Blink
  5441 | D        | Bought a potion of flight for 36 gold pieces
  5441 | D        | Bought a potion of heal wounds for 60 gold pieces
  5441 | D        | Bought a potion of heal wounds for 60 gold pieces
  5441 | D        | Bought a potion of resistance for 120 gold pieces
  5583 | D        | Found Roleluf's Book Emporium.
  5842 | D        | Reached skill level 1 in Long Blades
  5847 | D        | Received a gift from Sif Muna
  5859 | D        | Received a gift from Sif Muna
  5872 | D        | Received a gift from Sif Muna
  5873 | D        | Reached skill level 5 in Long Blades
  5876 | D        | Got Sif Muna's Advanced Guide to Casting {god gift}
  5876 | D        | Got Asmodeus's Reference Book on Combat Magic {god gift}
  5876 | D        | Got Teanaeph's Collected Works on Aerial Companions {god
                  | gift}
  6029 | D        | Bought a potion of heal wounds for 60 gold pieces
  6029 | D        | Bought a potion of curing for 36 gold pieces
  6029 | D        | Bought a potion of brilliance for 48 gold pieces
  6029 | D        | Bought a potion of curing for 36 gold pieces
  6029 | D        | Bought 2 potions of flight for 72 gold pieces
  6256 | D        | Found Zurrumoa's Antique Weapon Emporium.
  6256 | D        | Found Bitubynn's Magic Scroll Shop.
  6256 | D        | Found Fousakh's Jewellery Boutique.
  6256 | D        | Found Ushry's Magic Scroll Shoppe.
  6256 | D        | Found Xiom Uge's Distillery.
  6256 | D        | Found Kitipn's Assorted Antiques.
  6256 | D        | Found Anad's Jewellery Shoppe.
  6256 | D        | Found Woehe's Magic Scroll Shop.
  6256 | D        | Found Jatruch's Antique Armour Emporium.
  6256 | D        | Found Meosoh's Book Emporium.
  6256 | D        | Found Useorolu's Antique Weapon Boutique.
  6306 | D        | Bought an embroidered cloak for 187 gold pieces
  6306 | D        | Bought a pair of boots for 112 gold pieces
  6316 | D        | Bought a pair of gloves for 112 gold pieces
  6325 | D        | Bought a scroll of identify for 24 gold pieces
  6327 | D        | Bought a scroll labelled APSEYT WEWKUDAM for 24 gold pieces
  6327 | D        | Bought a scroll labelled QIKLU MOPNAE for 24 gold pieces
  6328 | D        | Bought a scroll of identify for 24 gold pieces
  6328 | D        | Bought a scroll of identify for 24 gold pieces
  6334 | D        | Bought a scroll of blinking for 105 gold pieces
  6613 | D        | Received a gift from Sif Muna
  6615 | D        | Got Sif Muna's Compendium of Dislocation {god gift}
  6713 | D        | Reached skill level 10 in Long Blades
  6777 | D        | Noticed a fire dragon
  6782 | D        | Killed a fire dragon
  6783 | D        | Reached XP level 14. HP: 85/115 MP: 11/31
  6841 | D        | Found the +8 autumn katana {vorpal, Clar}
  7056 | D        | Received a gift from Sif Muna
  7239 | D        | Noticed Chuck
  7286 | D        | Killed Chuck
  7306 | D        | Received a gift from Sif Muna
  7307 | D        | Got Sif Muna's Handbook of Stones {god gift}
  7721 | D        | Reached skill level 15 in Conjurations
  7844 | D        | Paralysed by an air elemental for 1 turns
  7849 | D        | Reached skill level 15 in Earth Magic
  7903 | D        | Received a gift from Sif Muna
  7904 | D        | Got Sif Muna's Tome of Excruciating Changing {god gift}
  8195 | D        | Learned a level 5 spell: Lee's Rapid Deconstruction
  8231 | D        | Found Reattis's Armour Shoppe.
  8231 | D        | Found Eqeps's Armour Shop.
  8231 | D        | Found Cyluem's Distillery.
  8231 | D        | Found Jesh's Armour Emporium.
  8231 | D        | Identified Roxanne's Papyrus of Clay
  8231 | D        | Noticed Roxanne
  8239 | D        | Reached skill level 15 in Spellcasting
  8308 | D        | Noticed Mennas
  8313 | D        | Killed Roxanne
  8330 | D        | HP: 5/116 [Mennas (8)]
  8330 | D        | Demolished by Mennas

Illustrated notes

Levels and vault maps discovered:
D:        dungeon_sprint_mu [sprint_mu_entry_cave, sprint_mu_temple_rooms,
          sprint_mu_d1_horrors, sprint_mu_d2_genie, sprint_mu_d3_branching,
          sprint_mu_orc_legion, sprint_mu_elf_gauntlet, sprint_mu_hive_nellie,
          sprint_mu_lair_fedhas, sprint_mu_vaults_butterflies,
          sprint_mu_slime_circle, sprint_mu_swamp_cave, sprint_mu_snake_twists,
          sprint_mu_blade_basic, sprint_mu_crypt_chambers,
          sprint_mu_tomb_spiral, sprint_mu_vestibule_basic,
          sprint_mu_gehenna_hellfire, sprint_mu_dis_giant,
          sprint_mu_tartarus_statrot, sprint_mu_cocytus_islands, sprint_mu_zot1]

Skill      XL: |  1  2  3  4  5  6  7  8  9 10 11 12 13 14 |
---------------+-------------------------------------------+-----
Spellcasting   | 4 7 12 13 15 | 15.0
Ice Magic      | 4 6 7 |  7.3
Unarmed Combat | 2 3 |  3.1
Conjurations   | 6 10 13 14 15 | 15.2
Dodging        | 3 5 8 11 13 | 13.1
Invocations    | 3 7 10 14 15 | 15.0
Fighting       | 2 5 9 10 12 | 12.3
Earth Magic    | 3 7 10 14 15 | 15.0
Summonings     | 9 10 | 10.0
Translocations | 8 9 |  9.4
Air Magic      | 4 6 |  6.0
Long Blades    | 10 12 | 12.0
Shields        | 3 4 |  4.0
Stealth        | |  1.7

Action                   |  1- 3 |  4- 6 |  7- 9 | 10-12 | 13-15 || total
-------------------------+-------+-------+-------+-------+-------++-------
Melee: Unarmed           |     1 |       |     9 |     1 |       ||    11
       Scimitar          |       |       |       |       |    25 ||    25
       Headbutt          |       |       |       |       |     2 ||     2
       Katana            |       |       |       |       |     9 ||     9
 Cast: Freeze            |    17 |    13 |    18 |    51 |    33 ||   132
       Frozen Ramparts   |     3 |     3 |    10 |    23 |    12 ||    51
       Ozocubu's Armour  |       |     1 |     4 |    14 |     7 ||    26
       Hailstorm         |       |       |     7 |     2 |       ||     9
       Stone Arrow       |       |       |    23 |    15 |       ||    38
       Lehudib's Crystal |       |       |       |     1 |       ||     1
       Iron Shot         |       |       |       |    66 |   105 ||   171
       Summon Lightning  |       |       |       |     1 |     5 ||     6
       Summon Forest     |       |       |       |     1 |     1 ||     2
       Chain Lightning   |       |       |       |     1 |       ||     1
       Apportation       |       |       |       |       |     1 ||     1
       Lee's Rapid Decon |       |       |       |       |     9 ||     9
       Summon Horrible T |       |       |       |       |     2 ||     2
Invok: Channel Magic     |       |       |     2 |     2 |     2 ||     6
       Divine Exegesis   |       |       |       |     2 |     2 ||     4
       Forget Spell      |       |       |       |     1 |       ||     1
Evoke: Box of beasts     |       |       |       |       |     1 ||     1
  Use: Potion            |       |       |     2 |     1 |     3 ||     6
       Scroll            |       |       |     1 |       |     7 ||     8
 Stab: Paralysed         |       |       |       |     1 |     1 ||     2
       Distracted        |       |       |       |       |     3 ||     3
Armor: Robe              |       |     2 |     2 |    32 |    11 ||    47
Dodge: Dodged            |     1 |     7 |     9 |    68 |    78 ||   163
Block: Buckler           |       |       |       |       |     4 ||     4

Table legend: (Time is in decaauts)
 A = Elapsed time spent in this place.
 B = Non-inter-level travel time spent in this place.
 C = Inter-level travel time spent in this place.
 D = Time resting spent in this place.
 E = Time spent auto-exploring this place.
 F = Levels seen in this place.
 G = Mean time per level.
                   A        B        C        D        E       F      G
               +--------+--------+--------+--------+--------+-----+--------+
         Total |   8431 |   7623 |    808 |   5348 |      0 |   1 | 8431.0 |
       Dungeon |   8431 |   7623 |    808 |   5348 |      0 |   1 | 8431.0 |
               +--------+--------+--------+--------+--------+-----+--------+

Top non-repeatable levels by time:
       D: 8431 daAuts
